 Seeded DCSS version 0.30-a0-622-gddc90eaa04 (webtiles) character file.

Game seed: 12887499044524807757 (custom seed)

1694 flotson the Sneak (level 8, -13/62 HPs)
             Began as a Demonspawn Delver on Jan 11, 2023.
             Mangled by a shadow (22 damage)
             ... on level 6 of the Dungeon.
             The game lasted 00:12:10 (6541 turns).

flotson the Sneak (Demonspawn Delver)               Turns: 6541, Time: 00:12:11

Health: -13/62     AC:  8    Str: 14    XL:     8   Next: 72%
Magic:  8/8        EV: 12    Int: 11    God:
Gold:   343        SH:  0    Dex: 16    Spells: 7/7 levels left

rFire   + . .      SeeInvis .    b - +0 flail (heavy)
rCold   + . .      Faith    .    (no shield)
rNeg    . . .      Spirit   .    u - +0 ring mail
rPois   .          Reflect  .    (no helmet)
rElec   .          Harm     .    p - scarf {rC+ rF+}
rCorr   .          Rampage  .    (no gloves)
Will    .....                    (no boots)
Stlth   +++                      (no amulet)
HPRegen 0.30/turn                (no ring)
MPRegen 0.11/turn                (no ring)

@: hasted, very quick
A: slimy green scales 2, ignite blood 1, demonic touch 1
a: no special abilities


You were on level 6 of the Dungeon.
You visited 2 branches of the dungeon, and saw 7 of its levels.

You collected 343 gold pieces.

Inventory:

Hand Weapons
 b - a +0 heavy flail (weapon)
Missiles
 m - 5 poisoned darts (quivered)
Armour
 p - a scarf of resistance (worn)
 u - a +0 ring mail (worn)
Wands
 g - a wand of digging (3)
 w - a wand of paralysis (2)
 D - a wand of iceblast (2)
Scrolls
 c - 2 scrolls of fog
 d - 2 scrolls of magic mapping
 e - a scroll of enchant weapon {unknown}
 l - 4 scrolls of teleportation {unknown}
 o - a scroll of silence {unknown}
 t - 4 scrolls of identify {unknown}
 y - a scroll of vulnerability {unknown}
 z - 4 scrolls of immolation {unknown}
 A - 5 scrolls of amnesia {unknown}
Potions
 a - a potion of flight {unknown}
 f - a potion of haste
 j - a potion of cancellation {unknown}
 k - 3 potions of might {unknown}
 n - 4 potions of attraction {unknown}
 q - 2 potions of degeneration {unknown}
 r - a potion of invisibility {unknown}
 s - a potion of berserk rage {unknown}
 v - 3 potions of ambrosia {unknown}
 x - 2 potions of resistance {unknown}
 B - a potion of magic {unknown}
 C - a potion of heal wounds {unknown}


   Skills:
 + Level 5.3 Fighting
 - Level 2.0 Axes
 + Level 3.9 Throwing
 + Level 3.8 Armour
 + Level 4.5 Dodging
 + Level 6.4 Stealth
 + Level 4.3 Evocations


You had 7 spell levels left.
You didn't know any spells.
Your spell library contained the following spells:

 Spells                   Type           Power      Damage    Failure   Level
 Summon Small Mammal      Summ           0%         N/A       56%         1
 Call Canine Familiar     Summ           0%         N/A       90%         3
 Gell's Gravitas          Tloc           0%         N/A       90%         3
 Lesser Beckoning         Tloc           0%         N/A       90%         3
 Summon Guardian Golem    Hex/Summ       0%         N/A       90%         3
 Teleport Other           Tloc           0%         N/A       90%         3


Dungeon Overview and Level Annotations

Branches:
Dungeon (6/15)             Temple (1/1) D:4

Altars:
Ashenzari
Cheibriados
Fedhas
Makhleb
Nemelex Xobeh
Qazlal
Ru
Sif Muna
Uskayaw
Vehumet
Xom

Shops:
D:3 [


Innate Abilities, Weirdness & Mutations

You are mostly covered in slimy green scales. (AC +3)
Your demonic aura sometimes causes spilled blood to erupt in flames.
Your touch may inflict minor irresistible damage on your foes.


Message History

You feel better. The shadow barely misses you.
You hit the shadow but do no damage.
The shadow is almost destroyed.
The shadow barely misses you. The shadow closely misses you.
You hit the shadow but do no damage.
The shadow is almost destroyed.
The shadow hits you.
* * * LOW HITPOINT WARNING * * *
You closely miss the shadow.
The shadow is severely damaged.
The shadow slips into darkness.
The shadow flickers and vanishes!
Deactivating autopickup; reactivate with Ctrl-A.
The shadow strikes at you from the darkness!
* * * LOW HITPOINT WARNING * * *
Reactivating autopickup.
You feel better. The shadow hits you.
You feel yourself speed up.
The shadow slips into darkness.
The shadow flickers and vanishes!
Deactivating autopickup; reactivate with Ctrl-A.
You see here a scorpion corpse.
The shadow strikes at you from the darkness!
* * * LOW HITPOINT WARNING * * *
Reactivating autopickup.
A hound comes into view.
The shadow slips into darkness.
The shadow flickers and vanishes!
Deactivating autopickup; reactivate with Ctrl-A.
Okay, then.
The hound barks!
As you read the scroll of fear, it crumbles to dust.
You assume a fearsome visage.
The hound looks frightened!
Cornered, the hound turns to fight!
You open the door.
An orc comes into view. It is wielding a +0 short sword.
There is an open door here.
Found a scroll labelled LUFEEN CAXAUN.
The shadow strikes at you from the darkness!
You die...

.. ... ## ##'######
... ........# ...
........# ...
.....?..# ...
........# ...
.......@##### #'######
#######.....# +......
+....'.....# #.....
#...h#.....#
#....###+#####.#.....#
#....##...####.##....#
#...............#....#
.....†..........+....#
#..##############.o..#


You could see a hound.

Vanquished Creatures
  Pikel (D:5)
  Menkaure (D:4)
  Duvessa (D:4)
  An orc warrior (D:6)
  An ogre (D:2)
  The ghost of crescentfresh the Conjurer, an amateur TeCj (D:3)
  A bullfrog (D:3)
  2 scorpions
  Dowan (D:4)
  4 hounds
  3 jellies (D:6)
  3 orc priests
  A gnoll bouda (D:5)
  An orc wizard (D:4)
  8 gnolls
  2 adders
  An ufetubus (D:3)
  A worm (D:5)
  3 dart slugs
  8 orcs
  6 endoplasms
  A giant cockroach (D:3)
  5 hobgoblins
  6 jackals (D:3)
  10 kobolds
  3 quokkas
  8 ball pythons
  5 bats
  4 frilled lizards
  6 goblins
  2 rats
101 creatures vanquished.

Notes
Turn   | Place    | Note
-------+----------+-------------------------------------------
     0 | D:5      | flotson the Demonspawn Delver began the quest for the Orb.
     0 | D:5      | Reached XP level 1. HP: 18/18 MP: 1/1
    23 | D:4      | Noticed Menkaure
   458 | D:1      | Gained mutation: You are partially covered in slimy green
                  | scales. (AC +2) [demonic ancestry]
   458 | D:1      | Reached XP level 2. HP: 24/24 MP: 2/2
  1098 | D:2      | Gained mutation: Your demonic aura sometimes causes spilled
                  | blood to erupt in flames. [demonic ancestry]
  1098 | D:2      | Reached XP level 3. HP: 26/29 MP: 3/3
  1392 | D:2      | Reached skill level 1 in Evocations
  1759 | D:3      | Noticed an ogre
  1819 | D:3      | Found a runed translucent gate.
  1819 | D:3      | Found a runed translucent gate.
  1822 | D:3      | Found a runed translucent gate.
  1822 | D:3      | Noticed crescentfresh's ghost (amateur TeCj)
  1873 | D:3      | Reached skill level 1 in Armour
  2029 | D:3      | Reached skill level 1 in Throwing
  2116 | D:3      | Found Jirez's Antique Armour Boutique.
  2479 | D:3      | Gained mutation: You are mostly covered in slimy green
                  | scales. (AC +3) [demonic ancestry]
  2479 | D:3      | Reached XP level 4. HP: 33/35 MP: 4/4
  2867 | D:2      | Killed an ogre
  2868 | D:2      | Reached XP level 5. HP: 41/41 MP: 5/5
  3171 | D:3      | Killed crescentfresh's ghost
  3172 | D:3      | Reached skill level 5 in Stealth
  3308 | D:4      | Noticed Duvessa
  3308 | D:4      | Noticed Dowan
  3460 | D:3      | Reached XP level 6. HP: 31/48 MP: 6/6
  3530 | D:4      | Killed Dowan
  3875 | D:4      | Found a staircase to the Ecumenical Temple.
  3887 | Temple   | Entered the Ecumenical Temple
  4384 | D:4      | Noticed Pikel
  4406 | D:5      | Killed Pikel
  4407 | D:5      | Reached XP level 7. HP: 50/55 MP: 7/7
  4983 | D:4      | Gained mutation: Your touch may inflict minor irresistible
                  | damage on your foes. [demonic ancestry]
  4983 | D:4      | Reached XP level 8. HP: 56/61 MP: 8/8
  5204 | D:4      | Killed Duvessa
  5374 | D:4      | Reached skill level 6 in Stealth
  5425 | D:5      | Reached skill level 5 in Fighting
  5666 | D:4      | Killed Menkaure
  5829 | D:4      | Found a staircase to the Ecumenical Temple.
  6541 | D:6      | Mangled by a shadow

Illustrated notes

Levels and vault maps discovered:
D:1:      kilobyte_arrival_exit_the_forest, layout_basic
D:2:      layout_basic, kennysheep_generic_room_16
D:3:      minmay_chambers_of_twos, layout_basic, ebering_ghost_rock_garden,
          serial_shops, shop_fountains, grunt_decor_arrowhead, kennysheep_potato
D:4:      layout_rooms, minmay_temple_entry_tees, kennysheep_orc_chapel,
          uniq_pikel, uniq_menkaure, uniq_duvessa
D:5:      layout_gridville, mainiacjoe_overflow_cross_hatched
D:6:      layout_gridville, minmay_shop_damaged
Temple:   nicolae_temple_figure_eight

Skill      XL: |  1  2  3  4  5  6  7  8 |
---------------+-------------------------+-----
Axes           | 2 |  2.0
Dodging        | 2 3 4 |  4.5
Evocations     | 1 2 3 4 |  4.3
Armour         | 1 2 3 |  3.8
Throwing       | 1 2 3 |  3.9
Stealth        | 5 6 |  6.4
Fighting       | 4 5 |  5.3

Action                   |  1- 3 |  4- 6 |  7- 9 || total
-------------------------+-------+-------+-------++-------
Melee: Hand axe          |    19 |       |       ||    19
       Dagger            |    53 |       |       ||    53
       Flail             |    35 |    65 |    87 ||   187
       Punch             |       |     1 |       ||     1
       Touch             |       |       |    14 ||    14
Throw: Dart              |       |     9 |       ||     9
       Throwing net      |       |     1 |       ||     1
Evoke: Wand              |       |    10 |     3 ||    13
  Use: Scroll            |     1 |       |     1 ||     2
       Potion            |       |     1 |     3 ||     4
 Stab: Sleeping          |    10 |     3 |     4 ||    17
       Paralysed         |       |     9 |     3 ||    12
Armor: Leather armour    |    13 |       |       ||    13
       Ring mail         |    37 |    57 |    57 ||   151
Dodge: Dodged            |    79 |    87 |    99 ||   265

Table legend: (Time is in decaauts)
 A = Elapsed time spent in this place.
 B = Non-inter-level travel time spent in this place.
 C = Inter-level travel time spent in this place.
 D = Time resting spent in this place.
 E = Time spent auto-exploring this place.
 F = Levels seen in this place.
 G = Mean time per level.
                   A        B        C        D        E       F      G
               +--------+--------+--------+--------+--------+-----+--------+
         Total |   6750 |   6245 |    505 |    500 |   4345 |   7 |  964.3 |
       Dungeon |   6536 |   6042 |    494 |    500 |   4145 |   6 | 1089.3 |
        Temple |    213 |    202 |     11 |      0 |    200 |   1 |  213.0 |
               +--------+--------+--------+--------+--------+-----+--------+

Top non-repeatable levels by time:
     D:3: 2010 daAuts
     D:4: 1324 daAuts
     D:2: 1115 daAuts
     D:1: 923 daAuts
     D:5: 665 daAuts
     D:6: 496 daAuts
  Temple: 213 daAuts
